AoeStats
← ojrguio

Arena

510452599Analyzed
3v3 RM · 1d ago on Oct 1, 2026· 41m 56s· 6 players
Game mode
Random Map
Map size
Normal (6 player)
Population
200
Speed
Normal
Resources
Standard
Victory
Conquest
Starting age
Dark Age
Ending age
Imperial Age
RankedLock teamsTeams togetherTeam positionsShared explorationLock speedFull tech treeHidden civsTurbo modeCheats
Victory
Defeat
🇨🇴 Jurchens · Colombia
1098
+15
🇨🇴 Persians · Colombia
1097
+15
🇨🇴 Lithuanians · Colombia
1091
+15
🇨🇴 Goths · Colombia
1175
-18
🇨🇱 Danes · Chile
1085
-16
🇺🇸 Bohemians · United States
977
-11
Clifordino
9:57 Feudal Age
14:23 Castle Age
13:12 Double-Bit Axe
23:15 Scale Mail Armor
25:09 Forging
25:58 Chain Mail Armor
27:43 Wheelbarrow
28:19 Bow Saw
27:53 Horse Collar
29:09 Iron Casting
30:40 Gold Mining
31:11 Hand Cart
30:46 Loom
32:13 Heavy Plow
36:24 Imperial Age
34:32 Squires
34:24 Arson
35:04 Town Watch
35:18 Hamask
38:11 Gold Shaft Mining
37:43 Town Patrol
Shermanugus
4:59 Loom
10:02 Feudal Age
16:18 Castle Age
16:28 Double-Bit Axe
17:27 Bow Saw
21:44 Fletching
22:44 Horse Collar
25:21 Murder Holes
26:31 Pikeman
34:03 Imperial Age
32:55 Wheelbarrow
32:05 Town Watch
34:11 Fortified Wall
34:22 Ballistics
35:04 Chemistry
36:02 Heavy Plow
35:50 Halberdier
36:35 Scale Mail Armor
36:45 Forging
39:56 Chain Mail Armor
40:16 Iron Casting
40:58 Squires
40:43 Arson
41:57 Hand Cart
41:44 Town Patrol
jaiderreyes4
11:05 Feudal Age
13:03 Double-Bit Axe
15:25 Castle Age
13:46 Horse Collar
17:31 Bow Saw
19:43 Wheelbarrow
20:35 Heavy Plow
22:54 Hand Cart
23:47 Gold Mining
23:47 Stone Mining
24:19 Pikeman
25:01 Stone Mining
25:16 Town Watch
25:42 Forging
25:32 Scale Mail Armor
25:43 Forging
25:33 Scale Mail Armor
27:39 Iron Casting
27:19 Chain Mail Armor
27:40 Iron Casting
27:20 Chain Mail Armor
28:10 Loom
32:03 Imperial Age
33:51 Chemistry
33:07 Perfusion
34:07 Halberdier
ojrguio
11:02 Feudal Age
12:32 Double-Bit Axe
15:02 Castle Age
12:46 Horse Collar
13:30 Loom
15:30 Wheelbarrow
29:32 Imperial Age
27:35 Bloodlines
27:26 Husbandry
30:11 Heavy Plow
30:43 Conscription
32:00 Chemistry
31:48 Thumb Ring
31:36 Fletching
31:46 Padded Archer Armor
32:04 Town Watch
40:20 Leather Archer Armor
40:00 Bodkin Arrow
40:11 Scale Barding Armor
caaruizma
11:03 Feudal Age
14:31 Castle Age
12:37 Double-Bit Axe
13:09 Horse Collar
20:08 Heavy Plow
20:32 Bow Saw
23:58 Wheelbarrow
24:32 Gold Mining
25:12 Hand Cart
29:37 Imperial Age
27:32 Husbandry
28:13 Gold Shaft Mining
28:13 Scale Barding Armor
28:22 Forging
28:27 Bloodlines
28:40 Stone Mining
29:40 Chain Barding Armor
29:59 Iron Casting
30:53 Two-Man Saw
30:27 Crop Rotation
30:36 Stone Shaft Mining
29:26 Cavalier
31:18 Plate Barding Armor
31:47 Blast Furnace
30:48 Savar
31:40 Loom
31:43 Town Watch
31:22 Light Cavalry
34:21 Padded Archer Armor
34:13 Fletching
34:47 Ballistics
35:28 Chemistry
35:21 Conscription
40:39 Capped Ram
cfosorioq
10:25 Feudal Age
14:51 Castle Age
14:07 Double-Bit Axe
19:25 Bow Saw
21:18 Loom
27:24 Wheelbarrow
28:40 Town Watch
29:29 Horse Collar
30:08 Hand Cart
30:12 Stone Mining
32:31 Stone Shaft Mining
31:49 Gold Mining
35:58 Imperial Age
34:18 Gold Shaft Mining
34:29 Town Patrol
34:32 Padded Archer Armor
36:06 Siege Engineers
36:15 Fortified Wall
36:15 Masonry
36:27 Leather Archer Armor
36:19 Heavy Rocket Cart
38:23 Chemistry
37:35 Fortified Bastions
41:50 Ballistics
41:53 Conscription
42:26 Ring Archer Armor
Connection lost

Rejoining the realm…

Still unreachable

The connection could not be restored.

Session expired

The server has moved on; the page needs a fresh start.